 Dungeon Crawl Stone Soup version 0.31.0-12-g77e489cdc1 (webtiles) character file.

Game seed: 7791898809714595140

10 112233 the Conjurer (level 2, 0/13 HPs)
             Began as a Felid Conjurer on Feb 14, 2024.
             Slain by an orc wizard
             ... wielding a +0 dagger
              (3 damage)
             ... on level 4 of the Dungeon.
             The game lasted 00:00:31 (399 turns).

112233 the Conjurer (Felid Conjurer)                 Turns: 399, Time: 00:00:32

Health: 0/13       AC:  1    Str:  3    XL:     2   Next: 10%
Magic:  6/6        EV: 17    Int: 21    God:
Gold:   25         SH:  0    Dex: 14    Spells: 5/6 levels left
                                        Lives:  0   Deaths: 1

rFire   . . .        (weapon unavailable)
rCold   . . .        (shield unavailable)
rNeg    . . .        (body armour unavailable)
rPois   .            (helmet unavailable)
rElec   .            (cloak unavailable)
rCorr   .            (gloves unavailable)
SInv    +            (boots unavailable)
Will    .....        (no amulet)
Stlth   ++           (no ring)
HPRegen 0.22/turn    (no ring)
MPRegen 0.10/turn

%: no passive effects
@: lethally poisoned (0 -> -4)
A: very small, claws 1, fangs 3, see invisible, shaggy fur 1, stealthy paws, no
weapons or thrown items, no armour, multi-lived
a: no special abilities


You were on level 4 of the Dungeon.
You visited 1 branch of the dungeon, and saw 4 of its levels.

You collected 25 gold pieces.

Inventory:

Wands
 b - a wand of charming (5)
 d - a wand of iceblast (5)
Scrolls
 c - a scroll of enchant armour {unknown}
Potions
 a - a potion of magic


   Skills:
 - Level 2.8 Dodging
 - Level 2.8 Stealth
 + Level 2.5 Spellcasting
 - Level 3.6 Conjurations


You had 5 spell levels left.
You knew the following spells:

 Your Spells              Type           Power      Damage    Failure   Level
a - Magic Dart            Conj           72%        1d6       3%          1

Your spell library contained the following spells:

 Spells                   Type           Power      Damage    Failure   Level
 Searing Ray              Conj           36%        2d5       4%          2
 Fulminant Prism          Conj/Alch      5%         3d6       54%         4
 Iskenderun's Mystic Bla  Conj/Tloc      10%        2d4       54%         4


Dungeon Overview and Level Annotations

Branches:
Dungeon (4/15)
 Temple: D:4-7

Altars:


Innate Abilities, Weirdness & Mutations

You have sharp claws.
You have razor-sharp teeth.
You have supernaturally acute eyesight. (SInv)
You are covered in fur. (AC +1)
Your paws help you pounce on unaware monsters.
You are incapable of wielding weapons or throwing items.
You cannot wear armour.
You gain extra lives every three experience levels.


Message History

Unknown command.
There are no items here.
There are no items here.
Unknown command.
The helpless bombardier beetle fails to defend itself.
You scratch the bombardier beetle.
The bombardier beetle is moderately wounded.
Unknown command.
The iguana misses you.
Unknown command.
The iguana misses you.
The orc wizard shouts!
You hear a shout!
The adder bites you but does no damage.
An orc comes into view. It is wielding a +0 hand axe.
The iguana bites you.
You hear a shout!
Unknown command.
Unknown command.
The orc shouts!
The iguana bites you.
The bombardier beetle closely misses you.
The orc shouts!
Unknown command.
The adder closely misses you. The orc wizard barely misses you.
You barely miss the orc wizard. The adder bites you.
You are poisoned.
The adder poisons you!
The bombardier beetle sprays incendiary fluid at you.
The burning spray misses you.
An orc wizard comes into view. It is wielding a +0 dagger.
The orc wizard hits you with a +0 dagger.
The orc barely misses you.
You scratch the orc wizard.
The orc wizard is moderately wounded.
You feel sick. The adder bites you.
* * * LOW HITPOINT WARNING * * *
The orc wizard mumbles some strange words.
The orc wizard flickers and vanishes for a moment.
The orc wizard hits you with a +0 dagger.
You die...

###### ##.....##
#### ##........
...o.###l........
#.oo@S........
###..o#B........
........<........
.#####.#.........
#.#.........
.........$..
##..(......##
####.#.#### ..$.


You could see a bombardier beetle, an iguana, 2 orc wizards, an adder and 2
orcs.

Vanquished Creatures
  2 bats
  An endoplasm (D:1)
  2 goblins (D:1)
  A quokka (D:1)
  2 ball pythons
  A rat (D:3)
9 creatures vanquished.

Notes
Turn   | Place    | Note
-------+----------+-------------------------------------------
     0 | D:1      | 112233 the Felid Conjurer began the quest for the Orb.
     0 | D:1      | Reached XP level 1. HP: 9/9 MP: 4/4
   218 | D:2      | Slain by an adder
   218 | D:2      | Lost a life (0 lives remaining)
   287 | D:3      | Reached XP level 2. HP: 13/13 MP: 6/6
   391 | D:4      | Noticed a bombardier beetle
   399 | D:4      | Slain by an orc wizard

Illustrated notes

Levels and vault maps discovered:
D:1:      nicolae_arrival_washed_ashore, layout_loops_cross, serial_shops,
          nicolae_shop_hallway_stairs
D:2:      layout_loops_ring, nicolae_eternal_life, minmay_statues_item,
          chequers_serial_rivers_micro_b, minmay_pentomino_w4
D:3:      layout_basic, mainiacjoe_overflow_six_doors_small,
          minmay_quadrilaterals
D:4:      layout_rooms, nicolae_overflow_hidden_temple,
          ebering_ghost_disaster_area

Action                     || total
---------------------------++-------
  Melee: Unarmed           ||    10
   Cast: Magic Dart        ||    20
   Stab: Sleeping          ||     1
 Armour: Skin              ||    15
  Dodge: Dodged            ||    14
